 Dungeon Crawl Stone Soup version 0.30-b1-2-g02819fbbbe (webtiles) character file.

Game seed: 2088507026060292646

53170 Brarox the Summoner (level 14, -10/90 HPs)
             Began as a Deep Elf Summoner on Nov 12, 2023.
             Was a High Priest of Nemelex Xobeh.
             Mangled by a +8 glaive of Coantatu {chaos, rElec rF+ rCorr Str+3} (11 damage)
             ... on level 12 of the Dungeon.
             The game lasted 03:17:36 (20287 turns).

Brarox the Summoner (Deep Elf Summoner)            Turns: 20287, Time: 03:17:37

Health: -10/90     AC:  7    Str:  7    XL:     14   Next: 29%
Magic:  6/33       EV: 21    Int: 26    God:    Nemelex Xobeh [*****.]
Gold:   897        SH:  0    Dex: 12    Spells: 13/39 levels left

rFire   + + .        I - staff of conjuration "Viekkam" {rPois Str+2 Dex-3}
rCold   + . .        (no shield)
rNeg    . . .        D - +1 robe {Will+}
rPois   +            (no helmet)
rElec   +            M - +0 cloak
rCorr   +            q - +1 pair of gloves
SInv    .            s - +0 pair of boots
Will    ++...        i - amulet of magic regeneration
Stlth   ++           o - ring of protection from fire
HPRegen 0.35/turn    z - ring of poison resistance
MPRegen 0.63/turn

%: no passive effects
@: agile, about to teleport, resistant, hasted, very quick
A: no striking features
a: Renounce Religion, Draw Escape, Draw Destruction, Draw Summoning, Triple
Draw, Deal Four, Stack Five


You were on level 12 of the Dungeon.
You worshipped Nemelex Xobeh.
Nemelex Xobeh was extremely pleased with you.
You visited 3 branches of the dungeon, and saw 18 of its levels.
You also visited: Sewer and Bailey.

You collected 1247 gold pieces.
You spent 350 gold pieces at shops.

Inventory:

Hand Weapons
 f - a +0 spear of freezing
Missiles
 c - 37 poisoned darts (quivered)
 J - 3 throwing nets
 O - 5 silver javelins
Armour
 q - a +1 pair of gloves (worn)
 s - a +0 pair of boots (worn)
 D - a +1 robe of willpower (worn)
 M - a +0 cloak (worn)
 U - a +0 robe of cold resistance
 W - a +1 robe of resistance
Magical Staves
 a - a staff of earth
 h - a staff of cold
 I - the staff of conjuration "Viekkam" (weapon) {rPois Str+2 Dex-3}
   (You found it on level 8 of the Dungeon)

   [staff of conjuration]

   Base accuracy: +5 Base damage: 5 Base attack delay: 1.2 This weapon's minimum
   attack delay (0.6) is reached at skill level 12.
   Str:       It affects your strength (+2).
   Dex:       It affects your dexterity (-3).
   rPois:     It protects you from poison.
   It falls into the 'Staves' category.
   It is a one-handed weapon.
 T - a staff of conjuration
Jewellery
 i - an amulet of magic regeneration (around neck)
 j - an amulet of faith
 o - a ring of protection from fire (left hand)
 z - a ring of poison resistance (right hand)
 A - an amulet of regeneration
 N - an amulet of the acrobat
 X - a ring of protection from cold
Wands
 k - a wand of iceblast (2)
 t - a wand of charming (34)
 x - a wand of flame (61)
 y - a wand of light (24)
 B - a wand of polymorph (9)
 H - a wand of mindburst (16)
Scrolls
 l - 2 scrolls of silence
 p - 8 scrolls of teleportation
 v - a scroll of immolation
 E - 3 scrolls of fear
 K - 6 scrolls of identify
 L - 3 scrolls of enchant weapon
 P - a scroll of poison
 Q - a scroll of amnesia
 R - a scroll of enchant armour
Potions
 b - 6 potions of magic
 d - 2 potions of mutation
 e - 4 potions of resistance
 g - 4 potions of brilliance
 n - 2 potions of lignification
 r - 2 potions of might
 u - 5 potions of curing
 w - 4 potions of haste
 C - 3 potions of cancellation
 F - 3 potions of flight
 G - 2 potions of attraction
Miscellaneous
 m - a phantom mirror


   Skills:
 * Level 11.5 Fighting
 + Level 11.5 Dodging
 - Level 2.4 Stealth
 - Level 13.0 Spellcasting
 - Level 2.0 Conjurations
 - Level 6.0 Hexes
 - Level 14.2 Summonings
 - Level 2.0 Translocations
 - Level 2.0 Air Magic
 - Level 9.0 Invocations
 - Level 6.0 Evocations


You had 13 spell levels left.
You knew the following spells:

 Your Spells              Type           Power      Damage    Failure   Level
a - Summon Small Mammal   Summ           100%       N/A       0%          1
b - Call Imp              Summ           100%       N/A       0%          2
c - Call Canine Familiar  Summ           74%        N/A       1%          3
d - Summon Guardian Gole  Hex/Summ       62%        N/A       1%          3
e - Summon Lightning Spi  Summ/Air       56%        N/A       1%          4
f - Cause Fear            Hex            24%        N/A       2%          4
g - Gell's Gravitas       Tloc           27%        N/A       4%          3
h - Tukima's Dance        Hex            48%        N/A       1%          3
i - Portal Projectile     Hex/Tloc       74%        N/A       1%          3

Your spell library contained the following spells:

 Spells                   Type           Power      Damage    Failure   Level
 Dazzling Flash           Conj/Hex       100%       N/A       1%          3
 Lesser Beckoning         Tloc           54%        N/A       2%          2
 Teleport Other           Tloc           27%        N/A       4%          3
 Ozocubu's Armour         Ice            16%        N/A       10%         3
 Anguish                  Hex/Necr       16%        N/A       10%         4
 Silence                  Hex/Air        18%        N/A       19%         5
 Metabolic Englaciation   Hex/Ice        16%        N/A       26%         5
 Agony                    Necr           16%        N/A       67%         5
 Blade Hands              Tmut           8%         N/A       67%         5
 Conjure Ball Lightning   Conj/Air       20%        3x3d6     92%         6
 Enfeeble                 Hex            24%        N/A       94%         7
 Simulacrum               Ice/Necr       8%         N/A       99%         6
 Dragon Form              Tmut           8%         N/A       100%        7
 Discord                  Hex            24%        N/A       100%        8
 Disjunction              Tloc           13%        N/A       100%        8
 Dragon's Call            Summ           37%        N/A       100%        9


Dungeon Overview and Level Annotations

Branches:
Dungeon (12/15)            Temple (1/1) D:7            Lair (5/5) D:11
 Shoals (0/4) Lair:3       Spider (0/4) Lair:3        Slime (0/5) Lair:5
  Sewer (visited)          Bailey (visited)
    Orc: D:9-12

Altars:
Ashenzari
Cheibriados
Dithmenos
Elyvilon
Fedhas
Gozag
Hepliaklqana
Kikubaaqudgha
Makhleb
Nemelex Xobeh
Okawaru
Qazlal
Ru
Sif Muna
Trog
Uskayaw
Vehumet
Wu Jian
Xom
Yredelemnul
Zin
The Shining One
Jiyva

Shops:
D:6 :   D:11 =

Annotations:
D:9 exclusion: obsidian statue
Temple 2 transporters


Message History

Your quokka's corpse disappears in a puff of smoke!
The fiery explosion engulfs your cerulean imp!!!
Your cerulean imp dies!
Your cerulean imp disappears in a puff of smoke!
The fiery explosion engulfs the acid dragon!!!
The acid dragon dies!
The acid dragon scales are intact enough to wear.
Press: ? - help, v - describe, . - travel
Here: a +8 glaive of Coantatu {chaos, rElec rF+ rCorr Str+3} (black smoke, severely damaged, ally target)
The floor.
Press: ? - help, . - travel You can't see that place. [a rock wall.]
Casting: Cause Fear (dangerous; 2% risk of failure)
Confirm with . or Enter, or press ? or * to list all spells.
A guardian golem appears, shielding your allies.
Okay, then.
As you read the scroll of teleportation, it crumbles to dust.
You feel strangely unstable.
Your warg barely misses the +8 glaive of Coantatu {chaos, rElec rF+ rCorr Str+3}.
Your warg barely misses the +8 glaive of Coantatu {chaos, rElec rF+ rCorr Str+3}.
The +8 glaive of Coantatu {chaos, rElec rF+ rCorr Str+3} hits you from afar!!
* * * LOW HITPOINT WARNING * * *
You resist with almost no effort.
You feel protected.
Your warg bites the +8 glaive of Coantatu {chaos, rElec rF+ rCorr Str+3} but does no damage.
The +8 glaive of Coantatu {chaos, rElec rF+ rCorr Str+3} hits you from afar!
* * * LOW HITPOINT WARNING * * *
Okay, then.
Okay, then.
You draw a card...
You have drawn the Cloud.
Clouds appear around you!
Your warg closely misses the +8 glaive of Coantatu {chaos, rElec rF+ rCorr Str+3}.
The +8 glaive of Coantatu {chaos, rElec rF+ rCorr Str+3} completely misses you.
Okay, then.
You draw a card...
You have drawn the Tomb.
Walls emerge from the floor!
Your warg misses the +8 glaive of Coantatu {chaos, rElec rF+ rCorr Str+3}.
Your guardian golem is engulfed in blazing flames.
The +8 glaive of Coantatu {chaos, rElec rF+ rCorr Str+3} hits you from afar!
You die...
Your body glows with a rainbow of weird colours and disappears.

#.#{DQ☼. #..Z.....
.......... ..........#
..........## .$........#
.........# ######## .. ##
#.#§##@# ...$ ##.###..§9###
#.....
#)_(#..§(h§§###.......
###'####.§§§..........#.....
#......§§§§.§§.......###...^
#.§○..§r8§§§........#####...
###.......§.§§.......###....
#..#.................#.....
####.......................


You could see a +8 glaive of Coantatu {chaos, rElec rF+ rCorr Str+3} (ally
target), a friendly guardian golem (summoned) and a friendly warg (summoned,
sheltered, corroded).

Vanquished Creatures
  A rime drake (Lair:4)
  A polar bear (Lair:3)
  A black bear (Lair:5)
  3 boggarts (Lair:5)
  A bullfrog (Sewer)
  2 ball pythons
  A bat (D:3)
  A goblin (D:2)
  A quokka (Sewer)
  A frilled lizard (D:1)
13 creatures vanquished.

Vanquished Creatures (collateral kills)
  Josephine (D:11)
  A hydra (Lair:5)
  A catoblepas (Lair:2)
  The ghost of Ejojumit the Zephyrmancer, a journeyman TeAE of Sif Muna (D:12)
  A boulder beetle (D:11)
  A two-headed ogre (D:10)
  A skyshark (Lair:3)
  A harpy (Lair:3)
  An ugly thing (D:11)
  3 cyclopes (D:11)
  3 black mambas
  7 elephants
  5 rime drakes
  11 cane toads
  An unseen horror (D:11)
  2 komodo dragons (Lair:3)
  3 polar bears
  2 hornets
  Prince Ribbit (D:6)
  13 blink frogs
  3 dream sheep (Lair:5)
  A slime creature (D:8)
  10 spriggans (Lair:5)
  7 wraiths
  3 culicivoras (Lair:3)
  8 wyverns
  2 humans
  19 yaks
  5 basilisks
  2 steam dragons
  12 water moccasins
  2 acid dragons
  An orc warrior (Bailey)
  2 ice beasts
  4 black bears
  2 ogres
  A boggart (Lair:5)
  7 centaurs
  20 wolves
  2 kobold brigands
  A gnoll sergeant (D:9)
  11 bullfrogs
  4 scorpions
  13 wights
  9 killer bees
  5 howler monkeys
  2 jellies (D:6)
  A gnoll bouda (D:9)
  2 hounds (D:5)
  2 orc priests
  A sleepcap (D:6)
  A human skeleton (D:6)
  An iguana (D:6)
  3 orc wizards
  Terence (D:3)
  Natasha (thrice) (D:3)
  6 hell rats
  Robin (D:2)
  21 gnolls
  A river rat (D:3)
  9 adders
  A white imp (D:7)
  2 worms
  4 dart slugs
  36 orcs
  3 bats
  5 endoplasms
  7 giant cockroaches
  15 goblins
  6 hobgoblins
  2 jackals (D:1)
  7 quokkas
  A training dummy (D:5)
  11 ball pythons
  11 frilled lizards
  11 kobolds
  3 rats
396 creatures vanquished.

Vanquished Creatures (others)
  A hydra (Lair:2)
  2 two-headed ogres
  2 death yaks (Lair:3)
  Urug (Lair:4)
  A skyshark (Lair:3)
  A spriggan (Lair:5)
  A manticore (Lair:4)
  A cyclops (D:10)
  A black mamba (Lair:3)
  4 elephants
  A gargoyle (D:9)
  A cane toad (Lair:5)
  3 rime drakes (Lair:4)
  A komodo dragon (Lair:4)
  A hornet (Lair:5)
  2 blink frogs
  10 yaks
  A vampire (D:11)
  2 wyverns (Lair:4)
  A steam dragon (D:7)
  2 basilisks (Lair:4)
  An acid dragon (D:12)
  2 black bears
  A wolf (Lair:5)
  A bullfrog (Sewer)
  Blork the orc (D:4)
  2 scorpions (D:11)
  6 wights
  A killer bee (D:7)
  A hound (D:5)
  An iguana (D:6)
  A hell rat (Lair:4)
  A bush (Lair:3)
  85 fungi
  83 plants
227 creatures vanquished.

Grand Total: 636 creatures vanquished

Notes
Turn   | Place    | Note
-------+----------+-------------------------------------------
     0 | D:1      | Brarox the Deep Elf Summoner began the quest for the Orb.
     0 | D:1      | Reached XP level 1. HP: 10/10 MP: 6/6
   363 | D:1      | Reached skill level 1 in Conjurations
   363 | D:1      | Reached XP level 2. HP: 15/15 MP: 5/8
   366 | D:1      | Learned a level 2 spell: Call Imp
  1391 | D:2      | Reached XP level 3. HP: 19/19 MP: 6/9
  1901 | D:2      | Noticed Robin
  1902 | D:2      | Reached skill level 5 in Summonings
  1929 | D:2      | Killed Robin
  2285 | D:3      | Found a glowing drain.
  2304 | D:3      | Reached XP level 4. HP: 23/24 MP: 4/11
  2328 | Sewer    | Entered a sewer
  2395 | Sewer    | Learned a level 3 spell: Call Canine Familiar
  2541 | Sewer    | Learned a level 3 spell: Summon Guardian Golem
  2582 | Sewer    | Reached skill level 1 in Hexes
  2863 | Sewer    | Noticed a bullfrog
  2866 | Sewer    | Noticed a bullfrog
  2891 | Sewer    | Killed a bullfrog
  2892 | Sewer    | Reached skill level 6 in Summonings
  2892 | Sewer    | Reached XP level 5. HP: 8/28 MP: 10/13
  3099 | D:3      | Noticed Natasha
  3135 | D:3      | Killed Natasha
  3136 | D:3      | Reached XP level 6. HP: 27/32 MP: 13/15
  3250 | D:3      | Reached skill level 5 in Spellcasting
  3250 | D:3      | Reached skill level 1 in Evocations
  3276 | D:3      | Reached skill level 7 in Summonings
  3412 | D:3      | Noticed Natasha
  3427 | D:3      | Killed Natasha
  3428 | D:3      | Reached XP level 7. HP: 36/36 MP: 17/17
  3478 | D:3      | Noticed Terence
  3491 | D:3      | Killed Terence
  3756 | D:3      | Noticed Natasha
  3764 | D:3      | Killed Natasha
  4355 | D:4      | Noticed Blork the orc
  4381 | D:4      | Killed Blork the orc
  4946 | D:4      | Found a stormy altar of Qazlal.
  5285 | D:5      | Entered Level 5 of the Dungeon
  5308 | D:5      | Reached skill level 8 in Summonings
  5327 | D:5      | Reached XP level 8. HP: 41/41 MP: 16/19
  5438 | D:5      | Reached skill level 5 in Evocations
  5689 | D:5      | Reached skill level 9 in Summonings
  5903 | D:5      | Reached skill level 1 in Air Magic
  6217 | D:5      | Learned a level 4 spell: Summon Lightning Spire
  6218 | D:6      | Found a radiant altar of Vehumet.
  6336 | D:6      | Found a runed translucent door.
  6338 | D:6      | Found a basalt altar of Yredelemnul.
  6358 | D:6      | Reached XP level 9. HP: 45/45 MP: 17/22
  6460 | D:6      | Reached skill level 10 in Summonings
  6586 | D:6      | Found Zeuto's Book Emporium.
  6643 | D:6      | Noticed Prince Ribbit
  6686 | D:6      | Killed Prince Ribbit
  7188 | D:7      | Found a staircase to the Ecumenical Temple.
  7207 | D:7      | Reached skill level 11 in Summonings
  7229 | Temple   | Entered the Ecumenical Temple
  7229 | Temple   | Found a transporter.
  7229 | Temple   | Found a transporter.
  7231 | Temple   | Found a transporter.
  7231 | Temple   | Found a transporter.
  7252 | Temple   | Became a worshipper of Nemelex Xobeh the Trickster
  7283 | D:7      | Found a flagged portal.
  7347 | D:7      | Reached skill level 5 in Hexes
  7365 | Bailey   | Entered a bailey
  8030 | D:7      | Learned a level 4 spell: Cause Fear
  8117 | D:7      | Noticed a two-headed ogre
  8126 | D:7      | Killed a two-headed ogre
  8127 | D:7      | Reached skill level 12 in Summonings
  8127 | D:7      | Reached XP level 10. HP: 51/51 MP: 11/25
  8298 | D:8      | Reached skill level 1 in Fighting
  8411 | D:8      | Identified the staff of conjuration "Viekkam" {rPois Str+2
                  | Dex-3}
  8523 | D:8      | Found a burning altar of Makhleb.
  8680 | D:8      | Reached * piety under Nemelex Xobeh
  9095 | D:8      | Reached XP level 11. HP: 67/67 MP: 26/26
  9097 | D:9      | Received a gift from Nemelex Xobeh
  9855 | D:9      | Noticed an obsidian statue
  9871 | D:9      | Noticed a sun demon
  9986 | D:9      | Noticed a soul eater
 10143 | D:9      | Reached ** piety under Nemelex Xobeh
 10293 | D:10     | Entered Level 10 of the Dungeon
 10722 | D:10     | Found an iron altar of Okawaru.
 10813 | D:10     | Noticed a two-headed ogre
 10829 | D:10     | Killed a two-headed ogre
 10864 | D:10     | Received a gift from Nemelex Xobeh
 11473 | D:11     | Noticed a two-headed ogre
 11498 | D:11     | Noticed a purple ugly thing
 11585 | D:10     | Killed a two-headed ogre
 11823 | D:11     | Reached *** piety under Nemelex Xobeh
 11865 | D:11     | Reached XP level 12. HP: 75/75 MP: 21/27
 11945 | D:11     | Found a staircase to the Lair.
 11956 | Lair:1   | Entered Level 1 of the Lair of Beasts
 12680 | Lair:1   | Reached skill level 10 in Dodging
 12680 | Lair:1   | Reached skill level 10 in Spellcasting
 12923 | Lair:2   | Reached skill level 1 in Invocations
 13119 | Lair:2   | Noticed a five-headed hydra
 13131 | Lair:2   | Noticed a catoblepas
 13132 | Lair:2   | Killed a five-headed hydra
 13133 | Lair:2   | Reached skill level 10 in Fighting
 13140 | Lair:2   | Killed a catoblepas
 13467 | Lair:2   | Reached skill level 1 in Translocations
 13488 | Lair:2   | Reached **** piety under Nemelex Xobeh
 13797 | Lair:2   | Learned a level 3 spell: Gell's Gravitas
 13798 | Lair:3   | Noticed a death yak
 13798 | Lair:3   | Noticed a death yak
 13798 | Lair:3   | Noticed a death yak
 13798 | Lair:3   | Noticed a death yak
 14041 | Lair:3   | Reached skill level 5 in Invocations
 14105 | Lair:3   | Found a hole to the Spider Nest.
 14475 | Lair:3   | Reached XP level 13. HP: 10/82 MP: 7/30
 14722 | Lair:3   | Found a staircase to the Shoals.
 15106 | Lair:3   | Received a gift from Nemelex Xobeh
 15145 | Lair:3   | Reached skill level 13 in Summonings
 15783 | Lair:2   | Learned a level 3 spell: Tukima's Dance
 15787 | Lair:2   | Learned a level 3 spell: Portal Projectile
 16190 | Lair:4   | Noticed Urug
 16200 | Lair:4   | Killed Urug
 16662 | Lair:4   | Reached skill level 14 in Summonings
 17172 | Lair:4   | Received a gift from Nemelex Xobeh
 17397 | Lair:5   | Entered Level 5 of the Lair of Beasts
 17409 | Lair:5   | Found a staircase to the Slime Pits.
 17409 | Lair:5   | Found a viscous altar of Jiyva.
 17741 | Lair:5   | Found a dark tunnel.
 17759 | Lair:5   | Received a gift from Nemelex Xobeh
 17801 | Lair:5   | Reached ***** piety under Nemelex Xobeh
 18019 | Lair:5   | Reached XP level 14. HP: 88/88 MP: 28/33
 18549 | Lair:5   | Received a gift from Nemelex Xobeh
 19301 | D:11     | Identified the +1 buckler of Ubiquitous Music {Str+3}
 19485 | D:11     | Found a white marble altar of Elyvilon.
 19533 | D:11     | Found Piosidyi's Jewellery Shoppe.
 19533 | D:11     | Noticed Josephine
 19548 | D:11     | Killed Josephine
 19624 | D:11     | Bought a ring of protection from cold for 350 gold pieces
 20231 | D:12     | Found a runed translucent door.
 20231 | D:12     | Found a shimmering altar of Xom.
 20231 | D:12     | Noticed Ejojumit's ghost (journeyman TeAE)
 20232 | D:12     | Identified the +8 glaive of Coantatu {chaos, rElec rF+
                  | rCorr Str+3}
 20259 | D:12     | Killed Ejojumit's ghost
 20285 | D:12     | HP: 1/90 [+8 glaive of Coantatu {chaos, rElec rF+ rCorr
                  | Str+3} (16)]
 20287 | D:12     | Mangled by a +8 glaive of Coantatu {chaos, rElec rF+ rCorr
                  | Str+3}

Illustrated notes

Levels and vault maps discovered:
D:1:      dpeg_arrival_prison, layout_basic, serial_rivers,
          chequers_serial_rivers_large_a, chequers_serial_rivers_micro_e,
          chequers_serial_rivers_micro_e, chequers_serial_rivers_micro_b
D:2:      layout_basic, uniq_robin
D:3:      layout_basic, portal_sewer_entry_b, uniq_natasha, uniq_terence
D:4:      layout_loops_corners, mainiacjoe_overflow_catwalk,
          minmay_misc_feat_enclosed, uniq_blork_the_orc
D:5:      dreamdust_elfheim, layout_loops_ring
D:6:      layout_rooms, dk_yredelemnul_ordeal, lemuel_crystal_altar,
          serial_shops, nicolae_shop_real_fake_doors, uniq_prince_ribbit1
D:7:      layout_gridville, minmay_temple_entry_purple_smoke, enter_bailey_7
D:8:      layout_cave_pools, mainiacjoe_overflow_six_doors_small,
          kennysheep_doodads, minmay_misc_feat_columns, grunt_ogre_cave,
          kennysheep_just_a_vault
D:9:      minmay_statue_hallways, layout_long_grid, st_stairs_2
D:10:     layout_roguey, okawaru_ov_weapons_minmay
D:11:     layout_roguey, due_lair_maze_entry_diamond, serial_shops, shop,
          elyvilon_altar_1, uniq_josephine
D:12:     layout_big_octagon, ebering_ghost_xom
Temple:   hellmonk_temple_divided_pantheon
Lair:1:   layout_cave_pods, infiniplex_staircase_pool, grunt_megastairs_3
Lair:2:   layout_big_grid, grunt_megastairs_4
Lair:3:   layout_roguey, nicolae_shoals_entry_roost,
          hellmonk_spider_entry_life_and_decay
Lair:4:   layout_cave_pods, special_room [special_room_mythical_zoo], uniq_urug
Lair:5:   minmay_lair_end_enchanted_forest, layout_long_grid, slime_entry_1,
          nicolae_volcano_entry_s_turn

Skill      XL: |  1  2  3  4  5  6  7  8  9 10 11 12 13 14 |
---------------+-------------------------------------------+-----
Conjurations   | 1 2 |  2.0
Summonings     | 5 6 7 8 9 12 14 | 14.2
Spellcasting   | 4 5 6 7 9 11 13 | 13.0
Hexes          | 2 6 |  6.0
Evocations     | 2 4 6 |  6.0
Air Magic      | 2 |  2.0
Fighting       | 7 8 10 11 | 11.5
Dodging        | 7 9 10 11 | 11.5
Invocations    | 5 9 |  9.0
Translocations | 2 |  2.0
Stealth        | |  2.4

Action                     |  1- 3 |  4- 6 |  7- 9 | 10-12 | 13-15 || total
---------------------------+-------+-------+-------+-------+-------++-------
  Melee: Spear             |    18 |    11 |     4 |       |       ||    33
         Staff             |       |       |     3 |     5 |     3 ||    11
  Throw: Dart              |     4 |       |       |       |       ||     4
   Cast: Summon Small Mamm |    55 |    23 |    53 |   118 |    82 ||   331
         Call Imp          |     7 |    10 |    36 |    76 |    77 ||   206
         Summon Guardian G |       |    15 |    54 |    89 |   103 ||   261
         Call Canine Famil |       |    12 |    36 |    70 |    65 ||   183
         Summon Lightning  |       |       |    29 |    76 |    56 ||   161
         Cause Fear        |       |       |       |    17 |    24 ||    41
         Gell's Gravitas   |       |       |       |     3 |    23 ||    26
 Invoke: Draw Destruction  |       |       |       |     2 |    11 ||    13
         Draw Escape       |       |       |       |       |     2 ||     2
  Evoke: Wand              |       |       |       |     9 |       ||     9
    Use: Scroll            |     4 |     1 |    11 |    12 |     7 ||    35
         Potion            |     1 |     3 |     4 |     8 |     4 ||    20
   Stab: Distracted        |     1 |       |       |       |       ||     1
         Betrayed ally     |       |       |     1 |     1 |       ||     2
 Armour: Robe              |     6 |     1 |     9 |    14 |     7 ||    37
  Dodge: Dodged            |    11 |    20 |    33 |    75 |    60 ||   199
